 Dungeon Crawl Stone Soup version 0.17-a0-105-g8f3376a (console) character file.

156 MrRokkomies the Vexing (level 5, -3/36 HPs)
             Began as a Vampire Arcane Marksman on Mar 18, 2015.
             Slain by a scorpion (8 damage)
             ... on level 4 of the Dungeon.
             The game lasted 00:08:35 (2878 turns).

MrRokkomies the Vexing (Vampire Arcane Marksman)    Turns: 2878, Time: 00:08:36

Health: -3/36      AC:  5    Str: 10    XL:     5   Next: 15%
Magic:  7/7        EV: 12    Int: 21    God:
Gold:   178        SH:  0    Dex: 13    Spells: 2 memorised, 2 levels left

rFire  . . .     SeeInvis +     b - +0 shortbow
rCold  + . .     Clarity  .     a - +0 robe
rNeg   + + +     SustAb   .     (no shield)
rPois  +         Gourm    .     i - +0 helmet
rElec  .         Spirit   .     (no cloak)
rCorr  .         Warding  .     m - +1 pair of gloves
rMut   +         Stasis   .     (no boots)
MR     .....                    e - amulet of resist mutation
Stlth  +.........               (no ring)
                                n - ring of positive energy

@: brilliant, lethally poisoned (-3 -> -10), regenerating slowly, not resistant
to hostile enchantments, very unstealthy
A: bottle blood, fangs 3, see invisible, unbreathing
a: Bat Form


You were on level 4 of the Dungeon.
You were very thirsty.

You visited 1 branch of the dungeon, and saw 4 of its levels.

You collected 178 gold pieces.

Inventory:

Hand weapons
 b - a +0 shortbow (weapon)
 h - a +0 mace
Missiles
 c - 24 arrows (quivered)
Armour
 a - a +0 robe (worn)
 i - a +0 helmet (worn)
 m - a +1 pair of gloves (worn)
Jewellery
 e - an amulet of resist mutation (around neck)
 k - an uncursed ring of ice
 n - a ring of positive energy (left hand)
Magical devices
 r - a wand of cold (6)
 t - a wand of enslavement (5)
Scrolls
 q - 5 scrolls of remove curse
 u - a scroll of recharging {unknown}
Potions
 g - a potion of invisibility
 j - a potion of flight
Books
 d - a book of Debilitation

   Spells                             Type                      Level
   a - Corona                         Hexes                        1
   b - Slow                           Hexes                        2
   c - Inner Flame                    Hexes/Fire                   3
   d - Enslavement                    Hexes                        4
   e - Cause Fear                     Hexes                        4
   f - Leda's Liquefaction            Hexes/Earth                  4


   Skills:
 - Level 0.8 Fighting
 * Level 3.3 Bows
 - Level 2.1 Dodging
 - Level 1.0 Spellcasting
 * Level 6.7 Hexes


You had 2 spell levels left.
You knew the following spells:

 Your Spells              Type           Power        Failure   Level  Hunger
a - Corona                Hex            #####..      1%          1    ##.....
b - Inner Flame           Hex/Fire       ####....     1%          3    ####...


Dungeon Overview and Level Annotations

Branches:
Dungeon (4/15)
 Temple: D:4-7

Altars:


Innate Abilities, Weirdness & Mutations

You heal slowly.
You can bottle blood from corpses.
You have razor-sharp teeth.
You have supernaturally acute eyesight.
You can survive without breathing.


Message History

The scorpion poisons you!
Drink which item? (? for menu, Esc to quit)
It was a potion of restore abilities.
You feel refreshed. The scorpion stings you.
* * * LOW HITPOINT WARNING * * *
Drink which item? (? for menu, Esc to quit)
It was a potion of brilliance.
You feel clever all of a sudden.
* * * LOW HITPOINT WARNING * * *
You feel sick. The scorpion stings you.
* * * LOW HITPOINT WARNING * * *
Drink which item? (? for menu, Esc to quit)
It was a potion of poison.
You feel slightly nauseous. The scorpion misses you.
The scorpion barely misses you.
* * * LOW HITPOINT WARNING * * *
You feel sick. The scorpion barely misses you. The scorpion barely misses you.
The scorpion stings you!
You die...

###### #.s@.#
###.##.#
#......#
#.#.#### #.#.#
############.#.#
..............>#
#####)###....#.#
....#.#...####.#


You could see a scorpion.

Vanquished Creatures
  An orc wizard (D:3)
  An orc priest (D:4)
  Ijyb (D:3)
  2 adders (D:3)
  A worm (D:2)
  3 giant geckos
  An ooze (D:3)
  6 orcs
  A ball python (D:1)
  7 hobgoblins
  A quokka (D:3)
  6 bats
  A giant cockroach (D:1)
  3 giant newts
  4 goblins
  7 kobolds
  9 rats
55 creatures vanquished.

Notes
Turn   | Place    | Note
--------------------------------------------------------------
     0 | D:1      | MrRokkomies, the Vampire Arcane Marksman, began the quest for the Orb.
     0 | D:1      | Reached XP level 1. HP: 14/14 MP: 2/2
   416 | D:1      | Reached XP level 2. HP: 14/20 MP: 3/3
   425 | D:1      | Reached skill level 5 in Hexes
  1183 | D:2      | Reached XP level 3. HP: 21/25 MP: 4/4
  1930 | D:2      | Learned a level 3 spell: Inner Flame
  2025 | D:3      | Reached XP level 4. HP: 23/31 MP: 5/5
  2140 | D:3      | Noticed Ijyb
  2167 | D:3      | Killed Ijyb
  2167 | D:3      | Reached skill level 6 in Hexes
  2758 | D:4      | Reached XP level 5. HP: 13/36 MP: 7/7
  2878 | D:4      | Slain by a scorpion

Action                   |  1- 3 |  4- 6 || total
-------------------------+-------+-------++-------
Melee: Mace              |    92 |    51 ||   143
       Unarmed           |     7 |       ||     7
 Fire: Shortbow          |       |    29 ||    29
Evoke: Wand              |       |     1 ||     1
  Use: Scroll            |     4 |     3 ||     7
       Potion            |       |     5 ||     5
 Stab: Sleeping          |       |     1 ||     1
  Eat: Corpse            |     1 |     2 ||     3
